 Dungeon Crawl Stone Soup version 0.28-a0-863-g8cecda6153 (webtiles) character file.

Game seed: 16291010319653420746

157 sanka the Chopper (level 5, -3/43 HPs)
             Began as a Palentonga Abyssal Knight on Nov 19, 2021.
             Was a Believer of Lugonu.
             Slain by a gnoll (9 damage)
             ... on level 4 of the Dungeon.
             The game lasted 00:04:53 (4280 turns).

sanka the Chopper (Palentonga Abyssal Knight)       Turns: 4280, Time: 00:04:54

Health: -3/43      AC:  6    Str: 18    XL:     5   Next: 15%
Magic:  7/7        EV:  9    Int: 10    God:    Lugonu [**....]
Gold:   144        SH:  0    Dex: 10    Spells: 4/4 levels left

rFire   + . .      SeeInvis +   b - +2 whip (venom)
rCold   . . .      Faith    .   (no shield)
rNeg    . . .      Spirit   .   o - +0 leather armour
rPois   .          Reflect  .   s - +0 helmet
rElec   .          Harm     .   e - +0 cloak
rCorr   .          Rampage  .   (no gloves)
Will    .....                   (no barding)
Stlth   +.........              (no amulet)
HPRegen 0.14/turn               (no ring)
MPRegen 0.10/turn               l - ring of protection from fire

@: no status effects
A: large, rugged brown scales 3, see invisible, deformed body, roll 1, armoured
tail
a: Rolling Charge, Renounce Religion, Depart the Abyss, Bend Space


You were on level 4 of the Dungeon.
You worshipped Lugonu.
Lugonu was pleased with you.
You visited 1 branch of the dungeon, and saw 4 of its levels.
You visited the Abyss 1 time.

You collected 144 gold pieces.


Innate Abilities, Weirdness & Mutations

You are completely covered in rugged brown scales. (AC +3, +7% HP)
You have supernaturally acute eyesight. (SInv)
Armour fits poorly on your strangely shaped body.
You can roll at nearby foes to attack.
You have a long armoured tail.


   Skills:
 - Level 3.0 Fighting
 + Level 4.7 Axes
 - Level 1.5 Armour
 - Level 0.7 Dodging
 + Level 3.4 Invocations


You had 4 spell levels left.
You didn't know any spells.
Your spell library contained the following spells:

 Spells                   Type           Power      Damage    Failure   Level
 Animate Skeleton         Necr           0%         N/A       41%         1
 Beastly Appendage        Tmut           0%         N/A       41%         1
 Pain                     Necr           0%         1d4       41%         1
 Wereblood                Tmut           0%         N/A       56%         2
 Spider Form              Tmut/Pois      0%         N/A       80%         3
 Vampiric Draining        Necr           0%         2d6       80%         3

Inventory:

Hand Weapons
 a - a +0 war axe
 b - a +2 whip of venom (weapon)
Missiles
 p - 6 silver javelins
Armour
 e - a +0 cloak (worn)
 o - a +0 leather armour (worn)
 s - a +0 helmet (worn)
Jewellery
 l - a ring of protection from fire (right hand)
Scrolls
 g - a scroll of acquirement {unknown}
 j - a scroll of holy word {unknown}
 m - 4 scrolls of identify {unknown}
 q - a scroll of vulnerability {unknown}
 r - a scroll of enchant armour {unknown}
 t - a scroll of noise {unknown}
 u - a scroll of silence {unknown}
 v - a scroll of teleportation {unknown}
Potions
 c - 2 potions of mutation {unknown}
 d - a potion of ambrosia {unknown}
 f - 3 potions of flight {unknown}
 h - a potion of heal wounds {unknown}
 i - a potion of lignification {unknown}
 k - a potion of resistance {unknown}
 n - a potion of attraction {unknown}

Dungeon Overview and Level Annotations

Branches:
Dungeon (4/15)
 Temple: D:4-7

Altars:

....▒▒▒..... ...▒
.................▒
............ ..>▒▒▒▒
........... ......▒
▒.........▒▒▒......▒
..........▒........▒
..........▒........▒
....................
▒.........g.H.......
▒.........g.........
▒...................
▒...................
..........▒▒........
..........▒▒........
....▒▒▒▒............
.... ▒............


You could see 2 gnolls.


Message History

HP restored.
There is a stone staircase leading up here.
Things that are here:
a +0 whip; a +0 leather armour
There is a stone staircase leading down, spattered with blood here.
You climb downwards.
There is a stone staircase leading up here.
Unknown command.
The gnoll misses you. The gnoll closely misses you.
The gnoll closely misses you.
You closely miss the gnoll.
Your tail-slap misses the gnoll.
The gnoll hits you with a +0 halberd! The gnoll barely misses you.
You hit the gnoll but do no damage. The gnoll hits you with a +0 halberd!
The gnoll hits you with a +0 halberd!
* * * LOW HITPOINT WARNING * * *
You hit the gnoll.
The gnoll is poisoned.
Your tail-slap misses the gnoll.
The gnoll is moderately wounded.
The gnoll hits you with a +0 halberd!
* * * LOW HITPOINT WARNING * * *
The gnoll closely misses you.
The gnoll hits you from afar with a +0 halberd!
* * * LOW HITPOINT WARNING * * *
The gnoll hits you from afar with a +0 halberd!
You die...

Action                   |  1- 3 |  4- 6 || total
-------------------------+-------+-------++-------
Melee: Hand axe          |    65 |       ||    65
       Tailslap          |    19 |    10 ||    29
       Whip              |    55 |    81 ||   136
Invok: Depart the Abyss  |     1 |       ||     1
Armor: Leather armour    |    62 |    16 ||    78
Dodge: Dodged            |    48 |    30 ||    78

Levels and vault maps discovered:
D:1:      dpeg_arrival_boxes_within_box, layout_loops_corners,
          nicolae_ecumenical_snake_handling
D:2:      layout_rooms, minmay_heptomino_w4
D:3:      layout_loops_ring
D:4:      layout_basic, overflow_temple_1_default, gammafunk_ghost_stat_death

Notes
Turn   | Place    | Note
-------+----------+-------------------------------------------
     0 | Abyss:1  | sanka the Palentonga Abyssal Knight began the quest for the
                  | Orb.
     0 | Abyss:1  | Reached XP level 1. HP: 19/19 MP: 2/2
   106 | Abyss:1  | Noticed a shadow wraith
   108 | Abyss:1  | Noticed a green death
   112 | D:1      | Escaped the Abyss
   285 | D:1      | Reached XP level 2. HP: 25/25 MP: 3/3
   340 | D:1      | Reached * piety under Lugonu
   492 | D:1      | Reached skill level 3 in Axes
  1151 | D:1      | Reached XP level 3. HP: 29/31 MP: 4/4
  1473 | D:1      | Found a faded altar of an unknown god.
  1899 | D:2      | Reached skill level 4 in Axes
  2071 | D:2      | Reached XP level 4. HP: 8/37 MP: 5/5
  2080 | D:2      | Reached ** piety under Lugonu
  3338 | D:3      | Reached skill level 3 in Invocations
  4098 | D:3      | Reached XP level 5. HP: 23/43 MP: 7/7
  4280 | D:4      | Slain by a gnoll

Vanquished Creatures
  A gnoll shaman (D:3)
  3 adders (D:2)
  A gnoll (D:3)
  2 dart slugs
  5 orcs (D:3)
  6 ball pythons
  5 bats
  10 endoplasms
  3 giant cockroaches
  10 goblins
  5 hobgoblins
  5 jackals
  3 kobolds
  5 quokkas
  4 frilled lizards
  5 rats
73 creatures vanquished.
